 Dungeon Crawl Stone Soup version 0.28-a0-661-g144af121cd (webtiles) character file.

Game seed: 3012896710473064015

24 KristoblXynda the Cutter (level 3, -5/22 HPs)
             Began as a Kobold Gladiator on Oct 14, 2021.
             Killed from afar by Sigmund (8 damage)
             ... with a magic dart
             ... on level 2 of the Dungeon.
             The game lasted 00:00:56 (910 turns).

KristoblXynda the Cutter (Kobold Gladiator)          Turns: 910, Time: 00:00:57

Health: -5/22      AC:  4    Str: 12    XL:     3   Next: 15%
Magic:  3/3        EV: 15    Int:  9    God:
Gold:   21         SH:  0    Dex: 16    Spells: 2/2 levels left

rFire   . . .      SeeInvis .   a - +0 rapier
rCold   . . .      Faith    .   (shield restricted)
rNeg    . . .      Spirit   .   b - +0 leather armour
rPois   .          Reflect  .   c - +0 helmet
rElec   .          Harm     .   (no cloak)
rCorr   .          Rampage  .   (no gloves)
Will    .....                   (no boots)
Stlth   +++.......              (no amulet)
HPRegen 0.07/turn               (no ring)
MPRegen 0.08/turn               (no ring)

@: no status effects
A: small, no large weapons, nightstalker 3
a: no special abilities


You were on level 2 of the Dungeon.
You visited 1 branch of the dungeon, and saw 2 of its levels.

You collected 21 gold pieces.

Inventory:

Hand Weapons
 a - a +0 rapier (weapon)
Missiles
 d - 3 throwing nets (quivered)
Armour
 b - a +0 leather armour (worn)
 c - a +0 helmet (worn)
Scrolls
 f - a scroll of enchant weapon {unknown}
 g - a scroll of identify {unknown}
Potions
 e - a potion of berserk rage {unknown}


   Skills:
 + Level 2.6 Fighting
 + Level 4.3 Short Blades
 - Level 2.1 Throwing
 + Level 4.0 Dodging
 + Level 1.6 Stealth


You had 2 spell levels left.
You didn't know any spells.
Your spell library was empty.

Dungeon Overview and Level Annotations

Branches:
Dungeon (2/15)

Altars:

Shops:
D:1 *

Annotations:
D:2 Sigmund


Innate Abilities, Weirdness & Mutations

You are small and have problems with some larger weapons.
You are completely attuned to the shadows.


Message History

Sigmund hits you from afar with a +2 vorpal scythe.
You are too injured to fight recklessly!
You are too injured to fight recklessly!
You are too injured to fight recklessly!
You are too injured to fight recklessly!
Unknown command.
You barely miss the hobgoblin.
The hobgoblin is almost dead.
The hobgoblin hits you but does no damage.
A kobold comes into view. It is wielding a +0 short sword.
The kobold shouts!
You hit the hobgoblin.
You kill the hobgoblin!
The bat misses you.
Sigmund hits you from afar with a +2 vorpal scythe.
* * * LOW HITPOINT WARNING * * *
The bat misses you. The bat misses you. The bat hits you but does no damage.
The bat closely misses you. Sigmund barely misses you.
The bat completely misses you. The bat barely misses you.
The bat completely misses you.
Sigmund mumbles some strange words.
Sigmund flickers and vanishes!
Deactivating autopickup; reactivate with Ctrl-A.
The bat completely misses you. The bat closely misses you.
The bat hits you but does no damage.
A magic dart appears from out of thin air!
The magic dart hits you.
* * * LOW HITPOINT WARNING * * *
You hear a shout!
The bat hits you but does no damage. The bat closely misses you.
Unknown command.
The bat hits you but does no damage.
You miss the bat. The bat hits you but does no damage.
A magic dart appears from out of thin air!
The magic dart hits you!
You die...

.........##.# ##.##
....†....##.####..#
.........#.....##.###.
......####.....'......
......# #....{##.###.
......# #.....##..#
#)....###...
#.......#).. #...@...#
####....# #..b.#
#....# #....# #....#
#....# #....# #
#....###..


You could see a bat.

Vanquished Creatures
  5 goblins
  4 hobgoblins
  2 kobolds (D:1)
  2 quokkas
  4 ball pythons
  3 frilled lizards (D:1)
  4 rats
24 creatures vanquished.

Vanquished Creatures (others)
  A fungus (D:2)
  4 plants (D:2)
5 creatures vanquished.

Grand Total: 29 creatures vanquished

Notes
Turn   | Place    | Note
-------+----------+-------------------------------------------
     0 | D:1      | KristoblXynda the Kobold Gladiator began the quest for the
                  | Orb.
     0 | D:1      | Reached XP level 1. HP: 12/12 MP: 1/1
    91 | D:1      | Reached skill level 1 in Stealth
    91 | D:1      | Reached XP level 2. HP: 17/18 MP: 2/2
   528 | D:1      | Found Gudghalya's General Store.
   822 | D:2      | Reached XP level 3. HP: 22/22 MP: 3/3
   881 | D:2      | Noticed Sigmund
   910 | D:2      | Killed from afar by Sigmund

Illustrated notes

Levels and vault maps discovered:
D:1:      dpeg_arrival_pits, layout_basic, serial_shops,
          nicolae_shop_behind_doors, minmay_tiny_reverse_x
D:2:      layout_basic, dreamdust_ecumenical_altar_grove, uniq_sigmund

Skill      XL: |  1  2  3 |
---------------+----------+-----
Stealth        | 1 |  1.6
Dodging        | 4 |  4.0
Fighting       | |  2.6
Short Blades   | |  4.3
Throwing       | |  2.1

Action                   || total
-------------------------++-------
Melee: Rapier            ||    55
 Stab: Sleeping          ||     6
Armor: Leather armour    ||    16
Dodge: Dodged            ||    48

Table legend: (Time is in decaauts)
 A = Elapsed time spent in this place.
 B = Non-inter-level travel time spent in this place.
 C = Inter-level travel time spent in this place.
 D = Time resting spent in this place.
 E = Time spent auto-exploring this place.
 F = Levels seen in this place.
 G = Mean time per level.
                   A        B        C        D        E       F      G
               +--------+--------+--------+--------+--------+-----+--------+
         Total |    909 |    904 |      5 |      0 |    753 |   2 |  454.5 |
       Dungeon |    909 |    904 |      5 |      0 |    753 |   2 |  454.5 |
               +--------+--------+--------+--------+--------+-----+--------+

Top non-repeatable levels by time:
     D:1: 784 daAuts
     D:2: 124 daAuts
